Map: Twilight Fortress

Players

A.I. 1 (Harder) - Winner!

  • Race: Terran Terran
  • Spawn Location: 7:00

NamroodTuo

  • Race: Zerg Zerg
  • Spawn Location: 1:00

VOD

Have the link to the VOD?

Description

Time

  • Played on: Dec. 28, 2022, 4:40 p.m.
  • Length: 9:25
Show
View Real Time Build Order
Export as new Build Order

A.I. 1 (Harder) Terran - Winner!

Build Orders:  

Get SALT Encoding   

  12  0:00  SCV  
  13  0:13  SCV  
  14  0:19  Supply Depot  
  14  0:25  SCV  
  15  0:40  SCV  
  16  0:44  Barracks  
  16  0:50  Refinery  
  16  0:52  SCV  
  17  1:05  SCV  
  18  1:17  SCV  
  19  1:21  Supply Depot  
  19  1:29  SCV  
  19  1:31  Marine  
  21  1:42  Orbital Command, Barracks  
  21  1:50  Refinery, Barracks Tech Lab  
  21  2:08  Marine  
  21  2:10  Supply Depot  
  22  2:26  Marine  
  22  2:29  Marine  
  24  2:44  Marine  
  24  2:46  Marine  
  24  2:49  Supply Depot  
  26  3:01  Marine  
  26  3:02  SCV  
  26  3:04  Marine  
  29  3:14  SCV  
  29  3:17  Supply Depot  
  29  3:19  Marine  
  31  3:25  Engineering Bay  
  31  3:26  SCV  
  32  3:38  Marauder, SCV  
  35  3:50  SCV  
  36  3:59  Marauder  
  36  4:02  SCV  
  39  4:20  Marauder  
  39  4:21  SCV  
  41  4:40  Barracks Tech Lab  
  41  4:41  Stimpack  
  41  4:42  Marauder  
  41  4:43  Factory  
  43  4:47  Factory  
  43  4:58  Combat Shield  
  42  5:01  SCV  
  43  5:18  Terran Infantry Weapons Level 1  
  41  5:25  Marine  
  40  5:29  Factory Tech Lab  
  40  5:30  Factory Tech Lab  
  40  5:33  Starport  
  40  5:35  Marine  
  40  5:36  Starport  
  40  5:43  Marauder, Missile Turret  
  40  5:45  Command Center  
  40  5:49  Siege Tank  
  45  6:01  Marine  
  44  6:08  Marine  
  44  6:09  Starport Tech Lab  
  39  6:13  Starport Tech Lab  
  39  6:17  Concussive Shells  
  39  6:19  Marine  
  40  6:26  Marine  
  40  6:30  Siege Tank  
  44  6:37  Marine  
  45  6:40  Missile Turret  
  45  6:43  Supply Depot  
  45  6:44  Marine  
  46  6:55  Marauder  
  46  6:58  SCV x2  
  46  6:59  Siege Tank  
  46  7:00  Refinery  
  53  7:03  Missile Turret  
  53  7:04  Missile Turret  
  53  7:06  Cyclone  
  53  7:07  Refinery  
  56  7:10  SCV x2  
  56  7:12  Terran Infantry Armor Level 1  
  58  7:22  SCV  
  59  7:23  SCV  
  59  7:27  Bunker  
  60  7:34  Bunker, SCV  
  60  7:35  SCV  
  64  7:40  Raven  
  64  7:46  SCV  
  64  7:48  SCV  
  68  7:58  SCV  
  68  7:59  Raven  
  68  8:00  SCV  
  68  8:02  Sensor Tower  
  68  8:04  Supply Depot  
  70  8:10  SCV  
  70  8:12  SCV  
  72  8:19  Armory  
  72  8:22  SCV  
  72  8:24  SCV  
  74  8:34  SCV  
  74  8:35  Barracks  
  74  8:36  SCV  
  76  8:42  Supply Depot  
  76  8:47  SCV  
  77  8:55  Command Center  
  77  9:07  Factory  
  77  9:15  Starport  
  72  9:22  Barracks Reactor  
Show
View Real Time Build Order
Export as new Build Order

NamroodTuo Zerg 

Build Orders: Pool First 

Get SALT Encoding   

  12  0:01  Drone  
  13  0:08  Drone  
  14  0:18  Overlord  
  14  0:36  Spawning Pool  
  14  0:42  Drone  
  14  0:47  Drone  
  14  0:48  Drone  
  16  0:53  Drone  
  17  1:05  Extractor  
  17  1:07  Extractor  
  17  1:08  Drone  
  16  1:37  Drone x3  
  19  1:54  Lair  
  19  1:57  Zergling x2  
  20  2:06  Zergling x2  
  21  2:10  Metabolic Boost  
  21  2:17  Zergling x2  
  22  2:25  Overlord  
  22  2:33  Overlord  
  22  2:50  Drone  
  23  2:56  Zergling x2  
  24  3:13  Evolution Chamber  
  24  3:15  Drone x2  
  25  3:39  Hydralisk Den  
  24  3:43  Zergling x4  
  26  3:49  Overlord  
  26  4:02  Hatchery  
  25  4:10  Extractor  
  25  4:12  Drone x2  
  25  4:13  Extractor  
  25  4:15  Zerg Ground Armor Level 1  
  25  4:19  Grooved Spines  
  25  4:27  Hydralisk  
  27  4:40  Hydralisk  
  27  4:43  Hydralisk  
  31  5:06  Hydralisk  
  31  5:07  Hydralisk  
  23  5:31  Muscular Augments  
  21  5:42  Zergling x4  
  21  5:43  Zergling x8  
  25  5:55  Zergling x4  
  24  6:08  Zergling x4  
  24  6:09  Zerg Melee Weapons Level 1  
  25  6:18  Hydralisk  
  27  6:19  Hydralisk  
  29  6:31  Drone  
  30  6:33  Drone  
  30  6:39  Drone  
  32  6:40  Hydralisk  
  34  6:48  Hydralisk x2  
  38  7:14  Infestation Pit  
  37  7:16  Hydralisk  
  37  7:17  Hydralisk x2  
  37  7:21  Drone  
  44  7:40  Overlord  
  44  7:43  Overlord x2  
  44  7:50  Overlord  
  44  8:00  Drone x2  
  44  8:02  Drone  
  47  8:11  Drone  
  48  8:27  Drone x2  
  48  8:31  Drone x3  
  53  8:39  Drone  
  54  8:49  Drone  
  54  8:53  Hydralisk  
  54  8:54  Hydralisk  
  59  9:00  Hydralisk  
Tags
 
Matchup
TvZ
Opening
Pool First
Replay Pack
Multiplayer
Spawn Locations
Cross Positions
Add a new tag
Caveats
  • Supply blocks, unpowered buildings, or Contaminate may cause inaccurate times.
  • Supply counts are checked every 10 seconds.